 Dungeon Sprint DCSS version 0.17-a0-1636-g3119f2b (webtiles) character file.

211 Kidiri the Shield-Bearer (level 5, 0/50 HPs)
             Began as a Minotaur Fighter on Aug 6, 2015.
             Was an Initiate of Okawaru.
             Slain by a seven-headed hydra (13 damage)
             ... in the Dungeon (Sprint IX: "|||||||||||||||||||||||||||||").
             The game lasted 00:03:22 (328 turns).

Kidiri the Shield-Bearer (Minotaur Fighter)          Turns: 328, Time: 00:03:22

Health: 0/50       AC: 10    Str: 29    XL:     5   Next: 57%
Magic:  5/5        EV: 13    Int:  5    God:    Okawaru [......]
Gold:   0          SH: 12    Dex: 10    Spells: 0 memorised, 4 levels left

rFire  . . .     SeeInvis .     a - +0 trident
rCold  . . .     Clarity  .     q - +2 ring mail
rNeg   . . .     SustAt   .     c - +0 shield
rPois  .         Gourm    .     (helmet restricted)
rElec  .         Spirit   .     (no cloak)
rCorr  .         Warding  .     p - +0 pair of gloves
rMut   .         NoTele   +     (no boots)
MR     .....                    (no amulet)
Stlth  ..........               r - +3 ring of strength
                                b - +2 ring of evasion

@: mighty, invisible, not resistant to hostile enchantments, extremely
unstealthy
A: retaliatory headbutt, horns 2
a: Renounce Religion


You were in the Dungeon.
You worshipped Okawaru.
Okawaru was noncommittal.
You were not hungry.

You visited 1 branch

Inventory:

Hand weapons
 a - a +0 trident (weapon)
Armour
 c - a +0 shield (worn)
 p - a +0 pair of gloves (worn)
 q - a +2 ring mail (worn)
Jewellery
 b - a +2 ring of evasion (left hand)
 r - a +3 ring of strength (right hand)
Magical devices
 o - a wand of fire (7)
Scrolls
 k - 2 scrolls of blinking
 m - 3 scrolls of remove curse
 n - 2 scrolls of amnesia
Potions
 f - 5 potions of curing
 g - 2 potions of heal wounds
 h - a potion of haste
 i - 4 potions of magic
Comestibles
 e - a bread ration
 l - 2 chunks of flesh


   Skills:
 + Level 6.0 Fighting
 * Level 7.1 Polearms
 * Level 7.7 Armour
 + Level 4.0 Dodging
 * Level 7.8 Shields
 + Level 1.4 Invocations
 + Level 1.2 Evocations


You had 4 spell levels left.
You didn't know any spells.

Dungeon Overview and Level Annotations

Branches:
Dungeon (1/1)

Altars:
Cheibriados
Dithmenos
Elyvilon
Fedhas
Gozag
Kikubaaqudgha
Makhleb
Nemelex Xobeh
Okawaru
Qazlal
Ru
Sif Muna
Trog
Vehumet
Xom
Yredelemnul
Zin
The Shining One
Beogh
Jiyva
Lugonu


Innate Abilities, Weirdness & Mutations

You reflexively headbutt those who attack you in melee.
You have a pair of horns on your head.


Message History

The seven-headed hydra bites you!
The seven-headed hydra barely misses you.
You puncture the seven-headed hydra!
Your headbutt misses the seven-headed hydra.
The seven-headed hydra is heavily wounded.
The seven-headed hydra closely misses you.
You block the seven-headed hydra's attack. x2
The seven-headed hydra bites you but does no damage. x2
You block the seven-headed hydra's attack.
The seven-headed hydra bites you!
Drink which item? (? for menu, Esc to quit)
You fade into invisibility!
The seven-headed hydra barely misses you.
You furiously retaliate!
You headbutt the seven-headed hydra!
You block the seven-headed hydra's attack.
The seven-headed hydra bites you.
* * * LOW HITPOINT WARNING * * *
The seven-headed hydra barely misses you.
The seven-headed hydra bites you!
You die... ▓▓▓▓▓▓▓▓▓▓▓▓▓▓▓▓▓▓▓▓▓▓▓▓ '..|).[[..).....@DCaOyo. ▓▓▓▓▓▓▓▓▓▓▓▓▓▓▓▓▓▓▓▓▓▓▓▓

You could see a seven-headed hydra, a hill giant, a vampire mosquito, an ogre, a worker ant and an orc.

Vanquished Creatures
  An ice beast (D)
  A gnoll sergeant (D)
  A scorpion (D)
  A shadow imp (D)
  An adder skeleton (D)
  2 giant geckos (D)
  2 orcs (D)
  2 bat zombies (D)
  2 hobgoblins (D)
  2 bats (D)
  A giant newt (D)
16 creatures vanquished.

Notes
Turn   | Place    | Note
--------------------------------------------------------------
     0 | D        | Kidiri the Minotaur Fighter began the quest for the Orb.
     0 | D        | Reached XP level 1. HP: 19/19 MP: 0/0
    13 | D        | Reached skill level 1 in Dodging
    13 | D        | Reached skill level 4 in Shields
    69 | D        | Noticed a gnoll sergeant
    69 | D        | Noticed an ice beast
    87 | D        | Killed a gnoll sergeant
    87 | D        | Reached skill level 5 in Armour
    87 | D        | Reached skill level 5 in Shields
    87 | D        | Reached XP level 2. HP: 24/28 MP: 1/1
    87 | D        | Reached XP level 3. HP: 29/35 MP: 2/2
    89 | D        | Reached skill level 6 in Shields
    96 | D        | Killed an ice beast
    96 | D        | Reached skill level 5 in Fighting
    96 | D        | Reached skill level 7 in Armour
    96 | D        | Reached XP level 4. HP: 35/42 MP: 3/3
    96 | D        | Reached XP level 5. HP: 40/49 MP: 4/4
   227 | D        | Found a glowing silver altar of Zin.
   227 | D        | Found a glowing golden altar of the Shining One.
   227 | D        | Found an ancient bone altar of Kikubaaqudgha.
   227 | D        | Found a basalt altar of Yredelemnul.
   227 | D        | Found a shimmering altar of Xom.
   227 | D        | Found a radiant altar of Vehumet.
   228 | D        | Found an iron altar of Okawaru.
   229 | D        | Found a burning altar of Makhleb.
   230 | D        | Found a deep blue altar of Sif Muna.
   231 | D        | Found a bloodstained altar of Trog.
   232 | D        | Found a sparkling altar of Nemelex Xobeh.
   233 | D        | Found a white marble altar of Elyvilon.
   234 | D        | Found a roughly hewn altar of Beogh.
   235 | D        | Found a viscous altar of Jiyva.
   236 | D        | Became a worshipper of Warmaster Okawaru
   237 | D        | Found a corrupted altar of Lugonu.
   238 | D        | Found a blossoming altar of Fedhas.
   239 | D        | Found a snail-covered altar of Cheibriados.
   240 | D        | Found a shadowy altar of Dithmenos.
   241 | D        | Found a stormy altar of Qazlal.
   242 | D        | Found an opulent altar of Gozag.
   243 | D        | Found a sacrificial altar of Ru.
   289 | D        | Noticed a scorpion
   304 | D        | Killed a scorpion
   304 | D        | Reached skill level 1 in Invocations
   304 | D        | Reached skill level 1 in Evocations
   323 | D        | Noticed a seven-headed hydra
   323 | D        | Noticed a worker ant
   323 | D        | Noticed a hill giant
   323 | D        | Noticed an ogre
   323 | D        | Noticed a vampire mosquito
   328 | D        | Slain by a seven-headed hydra

Vault maps used:
D:        linesprint

Action                   |  1- 3 |  4- 6 || total
-------------------------+-------+-------++-------
Melee: Trident           |    37 |    26 ||    63
  Use: Potion            |     1 |     3 ||     4
